 Dungeon Crawl Stone Soup version 0.25-a0-516-g7d600cd9ad (webtiles) character file.

Game seed: 7597654282584760606, levelgen mode: deterministic

60 Forecaster the Magician (level 4, -1/36 HPs)
             Began as a Naga Wizard on Feb 17, 2020.
             Was an Initiate of Fedhas.
             Slain by a goblin (3 damage)
             ... led by Robin
             ... on level 2 of the Dungeon.
             The game lasted 00:11:20 (1167 turns).

Forecaster the Magician (Naga Wizard)               Turns: 1167, Time: 00:11:21

Health: -1/36      AC:  3    Str:  9    XL:     4   Next: 6%
Magic:  2/9        EV:  9    Int: 20    God:    Fedhas [......]
Gold:   99         SH:  0    Dex:  9    Spells: 5/10 levels left

rFire    . . .     SeeInvis +   o - +1 dagger
rCold    . . .     Gourm    .   (no shield)
rNeg     . . .     Faith    .   k - +0 leather armour (curse)
rPois    +         Spirit   .   b - +0 hat
rElec    .         Reflect  .   (no cloak)
rCorr    .         Harm     .   (no gloves)
MR       .....                  (no barding)
Stlth    ++........             f - amulet of regeneration
HPRegen  0.52/turn              (no ring)
MPRegen  0.11/turn              (no ring)

@: very slightly contaminated, very slow
A: large, see invisible, deformed body, poison resistance, slowness 2, slow
metabolism 1, spit poison 1, AC +1
a: Spit Poison, Renounce Religion


You were on level 2 of the Dungeon.
You worshipped Fedhas.
Fedhas was noncommittal.
You were not hungry.

You visited 1 branch of the dungeon, and saw 2 of its levels.

You collected 99 gold pieces.

Inventory:

Hand Weapons
 e - a cursed -2 dagger
 m - a +0 spear
 o - a +1 dagger (weapon)
 v - a +0 short sword
 x - a +0 falchion
Missiles
 c - 167 stones (quivered)
 h - 10 boomerangs
 n - 20 arrows
Armour
 a - a +0 robe
 b - a +0 hat (worn)
 j - a +0 ring mail
 k - a cursed +0 leather armour (worn)
 s - a +0 scale mail
 t - a +0 robe
 u - a +0 leather armour
 A - a +0 cloak
Jewellery
 f - an amulet of regeneration (around neck)
Scrolls
 y - a scroll of teleportation
Potions
 g - 2 potions of heal wounds {unknown}
 i - a potion of agility {unknown}
 l - a potion of cancellation {unknown}
 p - a potion of might {unknown}
 q - a potion of haste {unknown}
 w - a potion of degeneration {unknown}
 z - 2 potions of berserk rage {unknown}
Comestibles
 d - 5 rations
 r - 6 chunks of flesh


   Skills:
 + Level 0.1 Polearms
 + Level 1.5 Armour
 + Level 1.8 Dodging
 + Level 3.2 Stealth
 + Level 3.6 Spellcasting
 + Level 1.3 Conjurations
 + Level 1.0 Summonings
 + Level 1.0 Translocations


You had 5 spell levels left.
You knew the following spells:

 Your Spells              Type           Power        Failure   Level  Hunger
a - Magic Dart            Conj           #...         11%         1    None
b - Blink                 Tloc           N/A          19%         2    ##.....
c - Call Imp              Summ           #.......     19%         2    ##.....

Your spell library contained the following spells:

 Spells                   Type           Power        Failure   Level  Hunger
 Slow                     Hex            #.......     28%         2    ##.....
 Conjure Flame            Conj/Fire      #.......     38%         3    ###....
 Mephitic Cloud           Conj/Pois/Air  #.......     41%         3    ###....


Dungeon Overview and Level Annotations

Branches:
Dungeon (2/15)

Altars:
Elyvilon
Fedhas
Gozag
Kikubaaqudgha
Okawaru
Ru
Uskayaw
Yredelemnul

Annotations:
D:2 Robin


Innate Abilities, Weirdness & Mutations

You cannot wear boots.
Your serpentine skin is tough. (AC +1)
You have supernaturally acute eyesight. (SInv)
Armour fits poorly on your strangely shaped body.
Your system is resistant to poisons. (rPois)
You cover ground very slowly.
You have a slow metabolism.
You can spit poison.


Message History

The goblin hits you.
You hit the hobgoblin.
The hobgoblin is almost dead.
A goblin comes into view. It is wielding a +0 dagger.
The hobgoblin hits you with a +0 club.
* * * LOW HITPOINT WARNING * * *
The goblin closely misses you.
Your iron imp hits the goblin!
The goblin dies!
Fedhas accepts your kill. The goblin hits you.
* * * LOW HITPOINT WARNING * * *
You hit the hobgoblin.
You kill the hobgoblin!
Fedhas accepts your kill.
Robin points. "Kill!"
Robin hits you with a +0 whip.
* * * LOW HITPOINT WARNING * * *
The goblin hits you.
You die...
Fedhas appreciates your contribution to the ecosystem.

*,,,,,* *,,,,,,,,, *#####*
*,,,,,,,,, #...# **,***,*,,
#P_P#** **,,,,,,,,
##.P.#,*##..,****,, #####
#...###...,,,,,**,, ....#
####...#gg#,*,,,*,**,,
....########...)5g..#*,**,,,,,,,,
###.#.....##...g@g).#*,****,,,,,*
...........÷.#P..####*,****,,****
.##.#.....####..P# *,,,,,,,*
.##.##.#.## #.÷.##** ******,**
....##...# #P_.#,,* *,,.#
....######**#PP.##,* *,,.#
..#.#######.#####..#### *,..##**
..#.........# #...,..# *.....,,
..#.........# ##.#.##.####...##**


You could see Robin, a hobgoblin, 3 goblins and a friendly iron imp.

Vanquished Creatures
  3 adders (D:2)
  2 dart slugs (D:1)
  A giant cockroach (D:1)
  3 goblins
  A hobgoblin (D:2)
  2 jackals (D:1)
  A quokka (D:2)
  2 bats (D:2)
  4 frilled lizards (D:2)
  A kobold (D:1)
  4 rats
24 creatures vanquished.

Vanquished Creatures (collateral kills)
  An adder (D:2)
  3 goblins (D:2)
  2 jackals (D:2)
6 creatures vanquished.

Grand Total: 30 creatures vanquished

Notes
Turn   | Place    | Note
-------+----------+-------------------------------------------
     0 | D:1      | Forecaster the Naga Wizard began the quest for the Orb.
     0 | D:1      | Reached XP level 1. HP: 15/15 MP: 4/4
   307 | D:1      | Reached XP level 2. HP: 19/22 MP: 3/6
   681 | D:1      | Learned a level 2 spell: Blink
   684 | D:1      | Learned a level 2 spell: Call Imp
   740 | D:2      | Found a faded altar of an unknown god.
   742 | D:2      | Reached XP level 3. HP: 28/28 MP: 5/8
   758 | D:2      | Found a white marble altar of Elyvilon.
   759 | D:2      | Found a hide-covered altar of Uskayaw.
   760 | D:2      | Found a basalt altar of Yredelemnul.
   814 | D:2      | Found a sacrificial altar of Ru.
   819 | D:2      | Found an iron altar of Okawaru.
   900 | D:2      | Reached skill level 1 in Armour
   921 | D:2      | Found an opulent altar of Gozag.
  1125 | D:2      | Found a blossoming altar of Fedhas.
  1125 | D:2      | Found an ancient bone altar of Kikubaaqudgha.
  1131 | D:2      | Became a worshipper of Fedhas Madash
  1152 | D:2      | Noticed Robin
  1156 | D:2      | Reached XP level 4. HP: 29/36 MP: 1/9
  1167 | D:2      | Slain by a goblin

Levels and vault maps discovered:
D:1:      minmay_arrival_shattered_statue, layout_loops_ring
D:2:      layout_loops_cross, grunt_temple_overflow_growth_and_decay,
          chequers_temple_overflow_statue_of_worship, minitemple,
          chequers_ecumenical_altar_simple_redux, minmay_misc_feat_iff,
          nicolae_gozag_cash_rules_everything_around_me, uniq_robin

Skill      XL: |  1  2  3 |
---------------+----------+-----
Armour         | 1 |  1.5
Polearms       | |  0.1
Dodging        | |  1.8
Stealth        | |  3.2
Spellcasting   | |  3.6
Conjurations   | |  1.3
Summonings     | |  1.0
Translocations | |  1.0

Action                   |  1- 3 |  4- 6 || total
-------------------------+-------+-------++-------
Melee: Spear             |     6 |       ||     6
       Dagger            |    47 |    10 ||    57
 Cast: Magic Dart        |    43 |     1 ||    44
       Call Imp          |     2 |       ||     2
  Use: Scroll            |     6 |       ||     6
 Stab: Sleeping          |     2 |       ||     2
Armor: Leather armour    |    16 |     2 ||    18
Dodge: Dodged            |    32 |     7 ||    39

Table legend:
 A = Non-vault XP
 B = Vault XP
 C = Vault XP percentage of total XP
 D = Non-vault monster count
 E = Vault monster count
 F = Vault count percentage of total count
                 A         B        C        D         E       F
            +---------+---------+-------+---------+---------+-------
      Total |      79 |       8 |   9.2 |      24 |       6 |  20.0
            +---------+---------+-------+---------+---------+-------
        D:1 |      19 |       0 |   0.0 |       9 |       0 |   0.0
        D:2 |      60 |       8 |  11.8 |      15 |       6 |  28.6
            +---------+---------+-------+---------+---------+-------
